 Dungeon Crawl Stone Soup version 0.30.0-10-gfe55d96785 (webtiles) character file.

Game seed: 12595320292897321230

12716 qw the Cleaver (level 11, -8/72 HPs)
             Began as a Gargoyle Cinder Acolyte on May 17, 2023.
             Was a Follower of Ignis.
             Mangled by a minotaur
             ... wielding a +0 glaive of protection
              (12 damage)
             ... in a Gauntlet.
             The game lasted 00:05:01 (9744 turns).

qw the Cleaver (Gargoyle Cinder Acolyte)            Turns: 9744, Time: 00:05:01

Health: -8/72      AC: 35    Str: 26    XL:     11   Next: 97%
Magic:  12/12      EV:  8    Int: 12    God:    Ignis [*.....]
Gold:   762        SH:  5    Dex: 10    Spells: 12/12 levels left

rFire   + . .        o - +0 war axe (heavy)
rCold   . . .        (no shield)
rNeg    + + .        q - +0 plate armour
rPois   inf          a - +0 helmet
rElec   +            l - +0 cloak
rCorr   +            h - +1 pair of gloves
SInv    .            j - +0 pair of boots
Will    +....        p - amulet of reflection Stlth
                     d - ring of Xeodwoenk {Fly Str+3 Dex+5 Slay+4}
HPRegen 0.32/turn    m - ring "Mucvien" {rN+ Will+ rCorr Int-2}
MPRegen 0.13/turn

%: no teleportation, reflection
@: fiery-armoured, flying
A: sickness immunity, AC +8, negative energy resistance 1, electricity
resistance, torment resistance 1, petrification resistance
a: Renounce Religion, Fiery Armour, Foxfire Swarm, Rising Flame


You were in a Gauntlet.
You worshipped Ignis.
Ignis was aware of your devotion.
You visited 2 branches of the dungeon, and saw 13 of its levels.
You also visited: Gauntlet.

You collected 762 gold pieces.


Innate Abilities, Weirdness & Mutations

You are immune to sickness and miasma.
Your stone body is resilient. (AC +8)
You are immune to poison.
You resist negative energy. (rN+)
You are resistant to electric shocks. (rElec)
You are resistant to unholy torment.
You are immune to petrification.


   Skills:
 - Level 10.2 Fighting
 - Level 13.1 Axes
 - Level 2.1 Throwing
 + Level 9.0 Armour
 - Level 2.0 Dodging
 - Level 1.0 Spellcasting
 - Level 3.0 Fire Magic


You had 12 spell levels left.
You didn't know any spells.
Your spell library contained the following spells:

 Spells                   Type           Power      Damage    Failure   Level
 Scorch                   Fire           14%        2d5       78%         2

Inventory:

Hand Weapons
 k - a +3 flail
 o - a +0 heavy war axe (weapon)
Missiles
 u - a boomerang (quivered)
Armour
 a - a +0 helmet (worn)
 h - a +1 pair of gloves (worn)
 j - a +0 pair of boots (worn)
 l - a +0 cloak (worn)
 q - a +0 plate armour (worn)
Jewellery
 d - the ring of Xeodwoenk (left hand) {Fly Str+3 Dex+5 Slay+4}
   (You found it on level 2 of the Dungeon)

   [ring of slaying]

   Str:       It affects your strength (+3).
   Dex:       It affects your dexterity (+5).
   Slay:      It affects your accuracy & damage with ranged weapons and melee
   (+4).
   Fly:       It grants you flight.
 m - the ring "Mucvien" (right hand) {rN+ Will+ rCorr Int-2}
   (You found it in a Gauntlet)

   [ring of willpower]

   Int:       It affects your intelligence (-2).
   rN:        It protects you from negative energy.
   rCorr:     It protects you from acid and corrosion.
   Will:      It increases your willpower.
 p - an amulet of reflection (around neck)
Scrolls
 i - a scroll of identify
Potions
 b - a potion of mutation
 c - a potion of cancellation
 f - a potion of resistance
 g - 2 potions of haste
 n - a potion of flight {unknown}
 r - a potion of curing

Dungeon Overview and Level Annotations

Branches:
Dungeon (12/15)            Temple (0/1) D:7            Lair (1/5) D:10
Gauntlet (1/1)
    Orc: D:9-12

Altars:
Ashenzari
Cheibriados
Dithmenos
Fedhas
Kikubaaqudgha
Makhleb
Okawaru
Ru
Sif Muna
Vehumet
Wu Jian
Xom
Yredelemnul
Zin
The Shining One
Jiyva

Shops:
D:2 [   D:6 :   D:10 [

Annotations:
D:3 3 runed translucent doors, qw's ghost, amateur GrCA Gauntlet 10 transporters


Message History

The minotaur hits you with a +0 glaive of protection!
The minotaur completely resists.
The minotaur gores you but does no damage.
The minotaur resists.
The minotaur is burned by your cloak of flames.
The minotaur is heavily wounded.
You slash the minotaur!
The minotaur is heavily wounded.
The minotaur hits you with a +0 glaive of protection.
The minotaur resists.
The minotaur is burned by your cloak of flames.
The minotaur is heavily wounded.
The minotaur gores you.
You hit the minotaur but do no damage.
The minotaur is heavily wounded.
The minotaur hits you but does no damage.
The minotaur gores you!
9741 ||| DRINKING 2 potions of heal wounds.
You feel much better.
The minotaur hits you with a +0 glaive of protection!!
The minotaur misses you.
9742 ||| DRINKING potion of heal wounds.
You feel much better.
The minotaur hits you with a +0 glaive of protection.
The minotaur resists.
The minotaur is burned by your cloak of flames.
The minotaur is heavily wounded.
You block the minotaur's attack.
You hit the minotaur but do no damage.
The minotaur is heavily wounded.
The minotaur hits you but does no damage.
The minotaur closely misses you. The minotaur completely misses you.
The minotaur gores you!
The minotaur resists.
The minotaur is burned by your cloak of flames.
The minotaur is severely wounded.
You slash the minotaur!
The minotaur is severely wounded.
The minotaur hits you with a +0 glaive of protection!
The minotaur gores you!
You die...

#8#..###########...###########..
###........#^#.......#^#........
#~.......#.#..~\~..#.#.......¤
##########.#########.#########
#8# #~.............¤.¤ #8 ###
#8.8.8.8.8.8.8.8.8 ##
#~...............~
###.#.#######.#.## #.#..@.# .#.#
#.#.##H# .# # #.... ... #.#..
#'## #.#..# .8 # ...# ..# #8.#
8# ## =#


You could see a minotaur.

Vanquished Creatures
  2 two-headed ogres
  2 glowing orange brains (Gauntlet)
  A wizard (Gauntlet)
  2 ugly things (Gauntlet)
  A torpor snail (Lair:1)
  Psyche (D:9)
  A rime drake (D:10)
  A komodo dragon (Lair:1)
  A troll (D:9)
  A polar bear (D:10)
  2 slime creatures (Gauntlet)
  Sigmund (D:2)
  A shadow (D:11)
  8 yaks
  A wyvern (Lair:1)
  2 steam dragons
  Menkaure (D:7)
  3 water moccasins (Lair:1)
  2 orc warriors
  4 ice beasts
  4 black bears
  3 ogres
  2 hornet zombies (D:6)
  2 wolves (D:10)
  3 centaurs
  2 phantoms
  3 bullfrogs
  2 kobold brigands
  2 gnoll sergeants
  3 scorpions
  A water moccasin zombie (D:6)
  3 wights (D:8)
  15 killer bees
  2 howler monkeys
  A bullfrog zombie (D:6)
  4 hounds
  A centaur zombie (D:6)
  10 jellies
  3 orc priests
  2 sleepcaps
  2 iguanas
  Ijyb (D:2)
  10 orc wizards
  A killer bee zombie (D:6)
  7 adders
  16 gnolls
  A shadow imp (D:5)
  6 white imps
  A worm (D:5)
  2 dart slugs
  30 orcs
  8 ball pythons
  3 bats
  7 endoplasms
  3 giant cockroaches
  15 goblins
  6 hobgoblins
  4 jackals
  10 quokkas
  4 frilled lizards
  A goblin skeleton (D:8)
  2 goblin zombies (D:8)
  A hobgoblin zombie (D:8)
  14 kobolds
  A kobold skeleton (D:8)
  An orc skeleton (D:8)
  An orc zombie (D:8)
  4 rats
268 creatures vanquished.

Vanquished Creatures (others)
  A wizard (Gauntlet)
1 creature vanquished.

Grand Total: 269 creatures vanquished

Notes
Turn   | Place    | Note
-------+----------+-------------------------------------------
     0 | D:1      | qw the Gargoyle Cinder Acolyte began the quest for the Orb.
     0 | D:1      | Reached XP level 1. HP: 14/14 MP: 2/2
     0 | D:1      | 0 ||| qw: Version: 0.2-a-95-g4c1bab1
     0 | D:1      | 0 ||| qw: Game counter: 93
     0 | D:1      | 0 ||| qw: Always use a shield: true
     0 | D:1      | 0 ||| qw: God list: Okawaru
     0 | D:1      | 0 ||| qw: Allow faded altars: false
     0 | D:1      | 0 ||| qw: Do Orc after D:15 true
     0 | D:1      | 0 ||| qw: Do second Lair branch before Depths: true
     0 | D:1      | 0 ||| qw: Lair rune preference: random
     0 | D:1      | 0 ||| qw: Plans: Normal
     0 | D:1      | 0 ||| PLANNING D:1-11
    76 | D:1      | Reached skill level 3 in Axes
   185 | D:1      | Reached XP level 2. HP: 11/19 MP: 3/3
   283 | D:1      | 283 ||| Stepping ~*~*~tactically~*~*~ (hiding).
   438 | D:1      | Reached XP level 3. HP: 18/23 MP: 4/4
   640 | D:1      | 640 ||| UPGRADING to +0 ring mail.
   650 | D:1      | 650 ||| DROPPING +0 robe.
   651 | D:1      | 651 ||| UPGRADING to +0 pair of gloves.
   656 | D:1      | 656 ||| UPGRADING to +0 pair of boots.
   661 | D:1      | 661 ||| UPGRADING to +0 cloak.
   666 | D:1      | 666 ||| DROPPING +6 ring of intelligence.
   667 | D:1      | 667 ||| READING scroll labelled DULANN DAMPAGA.
   668 | D:1      | 668 ||| READING scroll labelled MUNELYMUPLEU.
   684 | D:1      | 684 ||| READING scroll labelled QORGHE ZUUJEATE.
   700 | D:1      | 700 ||| READING scroll labelled ATWUV YLUSEWN.
   701 | D:1      | 701 ||| READING scroll labelled UQIBAI RAXUIPA.
   799 | D:2      | Noticed Sigmund
   800 | D:2      | 800 ||| Stepping ~*~*~tactically~*~*~ (hiding).
   805 | D:2      | Noticed Ijyb
   806 | D:2      | 806 ||| INVOKING Fiery Armour.
   810 | D:2      | Killed Sigmund
   811 | D:2      | Reached XP level 4. HP: 23/28 MP: 5/5
   811 | D:2      | Reached XP level 5. HP: 27/32 MP: 6/6
   813 | D:2      | Reached skill level 4 in Axes
   813 | D:2      | Found Vetutho's Antique Armour Shop.
   818 | D:2      | Killed Ijyb
   822 | D:2      | Reached XP level 6. HP: 35/37 MP: 7/7
   855 | D:2      | 855 ||| SHOPLISTING chain mail (90 gold, have 67).
   855 | D:2      | 855 ||| SHOPLISTING glowing ring mail (140 gold, have 67).
   855 | D:2      | 855 ||| SHOPLISTING tower shield (90 gold, have 67).
   874 | D:2      | 874 ||| Stepping ~*~*~tactically~*~*~ (hiding).
   875 | D:2      | 875 ||| Stepping ~*~*~tactically~*~*~ (hiding).
   911 | D:2      | 911 ||| DROPPING +0 club.
  1062 | D:2      | Identified the ring of Xeodwoenk {Fly Str+3 Dex+5 Slay+4}
  1394 | D:2      | 1394 ||| UPGRADING to ring of Xeodwoenk {Fly Str+3 Dex+5
                  | Slay+4}.
  1395 | D:2      | 1395 ||| READING scroll labelled NUJAFA RAINTIJ.
  1434 | D:3      | Reached skill level 1 in Dodging
  1650 | D:3      | Found a runed translucent gate.
  1651 | D:3      | Found a runed translucent gate.
  1652 | D:3      | Found a runed translucent gate.
  1652 | D:3      | Noticed qw's ghost (amateur GrCA)
  1712 | D:3      | 1712 ||| Stepping ~*~*~tactically~*~*~ (hiding).
  1735 | D:3      | Identified the +1 robe of Love and Death {Dex+3}
  1800 | D:3      | 1800 ||| Stepping ~*~*~tactically~*~*~ (hiding).
  1806 | D:3      | Reached skill level 5 in Axes
  1862 | D:3      | Reached XP level 7. HP: 41/41 MP: 8/8
  2477 | D:3      | 2477 ||| UPGRADING to +0 helmet.
  2482 | D:3      | 2482 ||| DROPPING +1 robe of Love and Death {Dex+3}.
  2483 | D:3      | 2483 ||| READING 2 scrolls labelled LIDUINNUSTUIX.
  2484 | D:3      | 2484 ||| READING scroll labelled QALIVE HAEKARHUYL.
  2485 | D:3      | 2485 ||| READING scroll labelled ZOENTI FOWKUZUYT.
  2692 | D:4      | 2692 ||| SWAPPING to +0 hand axe of venom.
  2693 | D:4      | 2693 ||| DROPPING -1 hand axe of venom.
  2776 | D:4      | 2776 ||| Stepping ~*~*~tactically~*~*~ (hiding).
  2884 | D:4      | Found a shimmering blue altar of Sif Muna.
  2958 | D:4      | 2958 ||| INVOKING Fiery Armour.
  3126 | D:4      | Found a glowing silver altar of Zin.
  3246 | D:4      | Reached skill level 6 in Axes
  3265 | D:4      | 3265 ||| Stepping ~*~*~tactically~*~*~ (hiding).
  3538 | D:4      | 3538 ||| READING scroll labelled YRIYMEISAE.
  3539 | D:4      | 3539 ||| READING scroll labelled TOSTOU FEICAAR.
  3540 | D:4      | 3540 ||| DRINKING 2 metallic black potions.
  3541 | D:4      | 3541 ||| DROPPING potion of degeneration.
  3559 | D:5      | Entered Level 5 of the Dungeon
  3676 | D:5      | 3676 ||| INVOKING Fiery Armour.
  3820 | D:5      | Reached XP level 8. HP: 47/48 MP: 9/9
  3958 | D:5      | Reached skill level 7 in Axes
  4000 | D:5      | Found a sacrificial altar of Ru.
  4170 | D:5      | Found a broken altar of Ashenzari.
  4170 | D:5      | Found a snail-covered altar of Cheibriados.
  4171 | D:5      | Found a shadowy altar of Dithmenos.
  4328 | D:5      | Found a burning altar of Makhleb.
  4359 | D:5      | Found a shimmering altar of Xom.
  4428 | D:5      | 4428 ||| READING 2 scrolls of identify.
  4428 | D:5      | 4428 ||| IDENTIFYING puce potion
  4568 | D:6      | Found a basalt altar of Yredelemnul.
  4658 | D:6      | Reached skill level 8 in Axes
  4699 | D:6      | Reached skill level 6 in Fighting
  4732 | D:6      | Reached XP level 9. HP: 51/55 MP: 10/10
  4819 | D:6      | Found Luptokec's Vocational Training.
  4831 | D:6      | Reached skill level 9 in Axes
  5075 | D:6      | 5075 ||| Stepping ~*~*~tactically~*~*~ (hiding).
  5079 | D:6      | 5079 ||| Stepping ~*~*~tactically~*~*~ (hiding).
  5109 | D:6      | 5109 ||| SWAPPING to +0 war axe.
  5119 | D:6      | 5119 ||| DROPPING +0 hand axe of venom.
  5159 | D:6      | 5159 ||| Stepping ~*~*~tactically~*~*~ (stealth).
  5396 | D:6      | 5396 ||| UPGRADING to +0 scale mail.
  5406 | D:6      | 5406 ||| DROPPING +0 ring mail.
  5407 | D:6      | 5407 ||| UPGRADING to ring of willpower.
  5408 | D:6      | 5408 ||| READING 2 scrolls labelled VUMOMU TUIGEY.
  5409 | D:6      | 5409 ||| READING 2 scrolls of identify.
  5409 | D:6      | 5409 ||| IDENTIFYING silvery potion
  5410 | D:6      | 5410 ||| DROPPING scroll of magic mapping.
  5520 | D:7      | Found a blossoming altar of Fedhas.
  5620 | D:7      | Noticed Menkaure
  5622 | D:7      | 5622 ||| Stepping ~*~*~tactically~*~*~ (hiding).
  5623 | D:7      | 5623 ||| Stepping ~*~*~tactically~*~*~ (hiding).
  5624 | D:7      | 5624 ||| Stepping ~*~*~tactically~*~*~ (hiding).
  5629 | D:7      | HP: 14/57 [Menkaure (17)]
  5630 | D:7      | 5630 ||| READING 3 scrolls of teleportation.
  5631 | D:7      | 5631 ||| DRINKING potion of heal wounds.
  5782 | D:7      | Found a staircase to the Ecumenical Temple.
  5862 | D:7      | Killed Menkaure
  5863 | D:7      | Reached skill level 1 in Throwing
  6008 | D:7      | Found an ornate altar of the Wu Jian Council.
  6061 | D:7      | 6061 ||| DROPPING orb of energy.
  6062 | D:7      | 6062 ||| DROPPING ring of wizardry.
  6063 | D:7      | 6063 ||| DRINKING 2 fizzy golden potions.
  6064 | D:7      | 6064 ||| DROPPING potion of attraction.
  6136 | D:8      | 6136 ||| Stepping ~*~*~tactically~*~*~ (hiding).
  6146 | D:8      | Noticed a two-headed ogre
  6155 | D:8      | 6155 ||| INVOKING Fiery Armour.
  6157 | D:8      | Killed a two-headed ogre
  6158 | D:8      | Reached skill level 10 in Axes
  6315 | D:8      | Reached XP level 10. HP: 57/63 MP: 11/11
  6318 | D:8      | 6318 ||| INVOKING Fiery Armour.
  6329 | D:8      | HP: 10/63 [wight/+3 halberd (10)]
  6330 | D:8      | 6330 ||| READING 2 scrolls of teleportation.
  6331 | D:8      | 6331 ||| DRINKING potion of heal wounds.
  6618 | D:8      | 6618 ||| SWAPPING to +0 heavy war axe.
  6619 | D:8      | 6619 ||| DROPPING +0 war axe.
  6690 | D:8      | 6690 ||| Stepping ~*~*~tactically~*~*~ (hiding).
  6691 | D:8      | 6691 ||| Stepping ~*~*~tactically~*~*~ (hiding).
  6692 | D:8      | 6692 ||| Stepping ~*~*~tactically~*~*~ (hiding).
  6694 | D:8      | 6694 ||| Stepping ~*~*~tactically~*~*~ (hiding).
  6695 | D:8      | 6695 ||| Stepping ~*~*~tactically~*~*~ (hiding).
  6705 | D:8      | 6705 ||| Stepping ~*~*~tactically~*~*~ (stealth).
  6707 | D:8      | 6707 ||| Stepping ~*~*~tactically~*~*~ (stealth).
  6712 | D:8      | Found a glowing golden altar of the Shining One.
  6778 | D:8      | 6778 ||| Stepping ~*~*~tactically~*~*~ (hiding).
  6779 | D:8      | 6779 ||| Stepping ~*~*~tactically~*~*~ (hiding).
  6783 | D:8      | 6783 ||| Stepping ~*~*~tactically~*~*~ (stealth).
  6908 | D:8      | 6908 ||| READING scroll of enchant armour.
  6908 | D:8      | 6908 ||| ENCHANTING +0 pair of gloves.
  6979 | D:8      | 6979 ||| READING scroll labelled FAFOIN VAUCSUAQI.
  6980 | D:8      | 6980 ||| READING scroll labelled QUXUUG IVI TEH.
  7081 | D:8      | 7081 ||| READING 3 scrolls of identify.
  7081 | D:8      | 7081 ||| IDENTIFYING orange potion
  7082 | D:8      | 7082 ||| READING 2 scrolls of identify.
  7082 | D:8      | 7082 ||| IDENTIFYING black potion
  7083 | D:8      | 7083 ||| DROPPING potion of magic.
  7084 | D:8      | 7084 ||| DROPPING potion of invisibility.
  7120 | D:9      | 7120 ||| STAIRDANCE
  7206 | D:9      | You are sucked into a shaft and drop 3 floors!
  7207 | D:12     | 7207 ||| UPGRADING to +0 chain mail.
  7217 | D:12     | 7217 ||| DROPPING +0 scale mail.
  7251 | D:11     | 7251 ||| UPGRADING to amulet of reflection.
  7312 | D:11     | 7312 ||| Stepping ~*~*~tactically~*~*~ (hiding).
  7313 | D:11     | 7313 ||| Stepping ~*~*~tactically~*~*~ (hiding).
  7314 | D:11     | 7314 ||| Stepping ~*~*~tactically~*~*~ (hiding).
  7374 | D:11     | 7374 ||| INVOKING Fiery Armour.
  7382 | D:11     | Reached skill level 6 in Armour
  7435 | D:11     | Noticed a two-headed ogre
  7443 | D:11     | Killed a two-headed ogre
  7444 | D:11     | Reached skill level 11 in Axes
  7504 | D:10     | Entered Level 10 of the Dungeon
  7506 | D:10     | 7506 ||| Stepping ~*~*~tactically~*~*~ (hiding).
  7513 | D:10     | 7513 ||| INVOKING Fiery Armour.
  7522 | D:10     | HP: 13/65 [polar bear (7)]
  7523 | D:10     | 7523 ||| READING scroll of teleportation.
  7526 | D:10     | Reached skill level 9 in Fighting
  7526 | D:10     | Found a staircase to the Lair.
  7567 | D:10     | 7567 ||| Stepping ~*~*~tactically~*~*~ (stealth).
  7604 | D:10     | 7604 ||| Stepping ~*~*~tactically~*~*~ (stealth).
  7657 | D:10     | 7657 ||| Stepping ~*~*~tactically~*~*~ (stealth).
  7658 | D:10     | 7658 ||| Stepping ~*~*~tactically~*~*~ (stealth).
  7741 | D:10     | 7741 ||| Stepping ~*~*~tactically~*~*~ (hiding).
  7797 | D:10     | Reached XP level 11. HP: 70/71 MP: 12/12
  7807 | D:10     | Identified the +9 short sword of Ointment {spect, +Blink
                  | Str+3}
  7833 | D:10     | Reached skill level 12 in Axes
  7897 | D:10     | Found a radiant altar of Vehumet.
  7898 | D:10     | 7898 ||| DROPPING +0 flail.
  7977 | D:10     | Found Vuxkocw's Antique Armour Boutique.
  8013 | D:10     | 8013 ||| UPGRADING to +0 plate armour.
  8023 | D:10     | 8023 ||| DROPPING +0 chain mail.
  8024 | D:10     | 8024 ||| READING 2 scrolls of identify.
  8024 | D:10     | 8024 ||| IDENTIFYING coppery potion
  8025 | D:10     | 8025 ||| DROPPING potion of berserk rage.
  8026 | D:10     | 8026 ||| DROPPING potion of brilliance.
  8147 | D:9      | Found an ancient bone altar of Kikubaaqudgha.
  8249 | D:9      | 8249 ||| Stepping ~*~*~tactically~*~*~ (stealth).
  8403 | D:9      | 8403 ||| Stepping ~*~*~tactically~*~*~ (stealth).
  8405 | D:9      | 8405 ||| Stepping ~*~*~tactically~*~*~ (hiding).
  8409 | D:9      | 8409 ||| INVOKING Fiery Armour.
  8415 | D:9      | Found a viscous altar of Jiyva.
  8427 | D:9      | Noticed Psyche
  8436 | D:9      | 8436 ||| READING 2 scrolls of identify.
  8436 | D:9      | 8436 ||| IDENTIFYING fuming black potion
  8437 | D:9      | 8437 ||| Stepping randomly (disturbance).
  8439 | D:9      | 8439 ||| Stepping randomly (disturbance).
  8440 | D:9      | 8440 ||| DROPPING potion of lignification.
  8442 | D:9      | Killed Psyche
  8490 | D:9      | 8490 ||| Stepping ~*~*~tactically~*~*~ (stealth).
  8528 | D:9      | 8528 ||| Stepping ~*~*~tactically~*~*~ (stealth).
  8530 | D:9      | 8530 ||| Stepping ~*~*~tactically~*~*~ (hiding).
  8571 | D:8      | Found an iron altar of Okawaru.
  8572 | D:8      | 8572 ||| PLANNING LAIR
  8725 | Lair:1   | Entered Level 1 of the Lair of Beasts
  8726 | Lair:1   | 8726 ||| PLANNING GAUNTLET
  8732 | Lair:1   | Found a sacrificial altar of Ru.
  8877 | Lair:1   | Reached skill level 9 in Armour
  8927 | Lair:1   | 8927 ||| Stepping ~*~*~tactically~*~*~ (stealth).
  9149 | Lair:1   | Found a gate leading to a gauntlet.
  9150 | Lair:1   | 9150 ||| DROPPING scarf of invisibility.
  9151 | Lair:1   | 9151 ||| DROPPING scarf of shadows.
  9152 | Lair:1   | 9152 ||| DRINKING 2 green potions.
  9153 | Lair:1   | 9153 ||| READING 2 scrolls of identify.
  9153 | Lair:1   | 9153 ||| IDENTIFYING fuming golden potion
  9162 | Gauntlet | Entered a Gauntlet
  9162 | Gauntlet | Found a transporter.
  9162 | Gauntlet | Found a transporter.
  9166 | Gauntlet | Found a transporter.
  9166 | Gauntlet | Found a transporter.
  9170 | Gauntlet | Noticed a great orb of eyes
  9176 | Gauntlet | Found a transporter.
  9176 | Gauntlet | Noticed a brown ugly thing
  9177 | Gauntlet | Noticed a green ugly thing
  9182 | Gauntlet | Noticed a catoblepas
  9182 | Gauntlet | Noticed a wizard
  9183 | Gauntlet | Noticed a wizard
  9183 | Gauntlet | Found a transporter.
  9186 | Gauntlet | Found a transporter.
  9190 | Gauntlet | Found a transporter.
  9192 | Gauntlet | Noticed a sixfirhy
  9215 | Gauntlet | Noticed a minotaur
  9225 | Gauntlet | Found a transporter.
  9226 | Gauntlet | Noticed a hell beast
  9232 | Gauntlet | Found a transporter.
  9234 | Gauntlet | Noticed a glowing orange brain
  9254 | Gauntlet | Found a transporter.
  9268 | Gauntlet | Found a transporter.
  9273 | Gauntlet | Noticed a sixfirhy
  9314 | Gauntlet | Found a transporter.
  9316 | Gauntlet | Noticed a sixfirhy
  9318 | Gauntlet | Noticed a sixfirhy
  9332 | Gauntlet | Found a transporter.
  9432 | Gauntlet | Found a transporter.
  9437 | Gauntlet | Noticed a white ugly thing
  9439 | Gauntlet | Noticed a brown ugly thing
  9440 | Gauntlet | Noticed a glowing orange brain
  9446 | Gauntlet | Found a transporter.
  9583 | Gauntlet | 9583 ||| INVOKING Fiery Armour.
  9586 | Gauntlet | Killed a glowing orange brain
  9587 | Gauntlet | Noticed a tengu warrior
  9587 | Gauntlet | Killed a glowing orange brain
  9589 | Gauntlet | Killed a white ugly thing
  9593 | Gauntlet | Killed a purple ugly thing
  9615 | Gauntlet | Identified the ring "Mucvien" {rN+ Will+ rCorr Int-2}
  9621 | Gauntlet | 9621 ||| UPGRADING to ring "Mucvien" {rN+ Will+ rCorr
                  | Int-2}.
  9623 | Gauntlet | 9623 ||| DROPPING ring of willpower.
  9656 | Gauntlet | Killed a wizard
  9662 | Gauntlet | Killed a wizard
  9663 | Gauntlet | Reached skill level 13 in Axes
  9682 | Gauntlet | Identified the ring of Migyegec {rPois Int+5 Stlth+}
  9684 | Gauntlet | 9684 ||| DROPPING ring of Migyegec {rPois Int+5 Stlth+}.
  9730 | Gauntlet | 9730 ||| Stepping ~*~*~tactically~*~*~ (hiding).
  9734 | Gauntlet | 9734 ||| INVOKING Fiery Armour.
  9740 | Gauntlet | HP: 11/72 [minotaur/+0 glaive of protection (10)]
  9741 | Gauntlet | 9741 ||| DRINKING 2 potions of heal wounds.
  9742 | Gauntlet | 9742 ||| DRINKING potion of heal wounds.
  9744 | Gauntlet | HP: 4/72 [minotaur/+0 glaive of protection (16)]
  9744 | Gauntlet | Mangled by a minotaur

Levels and vault maps discovered:
D:1:      saegor_arrival_miasma, layout_basic
D:2:      kennysheep_the_goblin_king, layout_basic, serial_shops,
          nicolae_shop_window_shopping, uniq_sigmund
D:3:      layout_basic, ebering_ghost_rock_garden
D:4:      layout_loops_ring, general_overflow_altar,
          mainiacjoe_overflow_boulevard
D:5:      layout_loops_cross, kennysheep_mini, mainiacjoe_overflow_alcove_2,
          hangedman_ru_absence, gammafunk_temple_overflow_claw, st_stairs_4
D:6:      layout_basic, nicolae_yredelemnul_corpse_copse,
          nicolae_shop_vocational
D:7:      layout_cave_pools, mainiacjoe_overflow_alcove_4, lemuel_round_altar,
          minmay_temple_entry_mist, uniq_menkaure
D:8:      layout_rooms, nicolae_overflow_hidden_temple,
          nicolae_tso_besieged_by_evil
D:9:      layout_roguey, kiku_gazebo_garden_becter, jiyva_altar_1, uniq_psyche
D:10:     layout_loops_ring, vehumet_crystals, hellmonk_lair_entry_icy,
          serial_shops, nicolae_shop_hallway_plus, uniq_erolcha
D:11:     layout_gridville, kennysheep_orc_monster_closet_entryway, zin_angel
D:12:     layout_loops_ring, enter_trove_0, minmay_checkered_concentric_circles
Lair:1:   layout_chaotic_city, basic_altar, gauntlet_entry_generic
Gauntlet: gammafunk_gauntlet_branching [nicolae_gauntlet_arena_quarters,
          gammafunk_gauntlet_arena_split_diamond,
          gammafunk_gauntlet_arena_crates, nicolae_gauntlet_arena_t_cross,
          gammafunk_gauntlet_arena_corners, gammafunk_gauntlet_arena_hedges,
          nicolae_gauntlet_arena_flowing_pool, gammafunk_gauntlet_arena_spirals,
          nicolae_gauntlet_exit_dead_adventurers]

Skill      XL: |  1  2  3  4  5  6  7  8  9 10 11 |
---------------+----------------------------------+-----
Axes           | 3 4 5 6 8 10 11 13 | 13.1
Armour         | 4 5 7 9 |  9.0
Dodging        | 1 2 |  2.0
Fighting       | 4 6 7 9 10 | 10.2
Throwing       | 2 |  2.1
Spellcasting   | |  1.0
Fire Magic     | |  3.0

Action                     |  1- 3 |  4- 6 |  7- 9 | 10-12 || total
---------------------------+-------+-------+-------+-------++-------
  Melee: Hand axe          |   102 |    82 |   221 |       ||   405
         Punch             |       |     1 |     7 |     3 ||    11
         War axe           |       |       |    67 |   211 ||   278
  Throw: Boomerang         |       |    15 |       |    43 ||    58
         Javelin           |       |       |     5 |    29 ||    34
 Invoke: Fiery Armour      |     1 |       |     3 |     6 ||    10
    Use: Scroll            |     5 |     1 |     9 |    10 ||    25
         Potion            |       |       |     3 |     4 ||     7
 Armour: Robe              |    22 |       |       |       ||    22
         Ring mail         |     1 |    39 |   137 |       ||   177
         Scale mail        |       |       |    22 |    19 ||    41
         Chain mail        |       |       |       |    74 ||    74
         Plate armour      |       |       |       |   100 ||   100
  Dodge: Dodged            |    60 |    32 |   139 |   128 ||   359
  Block: Other             |       |       |       |    47 ||    47
         Reflection        |       |       |       |     2 ||     2

Table legend:
 A = Non-vault XP
 B = Vault XP
 C = Vault XP percentage of total XP
 D = Non-vault monster count
 E = Vault monster count
 F = Vault count percentage of total count
                 A         B        C        D         E       F
            +---------+---------+-------+---------+---------+-------
      Total |   11520 |    6647 |  36.6 |     220 |      49 |  18.2
            +---------+---------+-------+---------+---------+-------
        D:1 |      51 |       0 |   0.0 |      24 |       0 |   0.0
        D:2 |      95 |     271 |  74.0 |      19 |       8 |  29.6
        D:3 |     220 |       0 |   0.0 |      23 |       0 |   0.0
        D:4 |     405 |       0 |   0.0 |      21 |       0 |   0.0
        D:5 |     401 |      16 |   3.8 |       8 |       2 |  20.0
        D:6 |    1196 |     446 |  27.2 |      25 |       6 |  19.4
        D:7 |     300 |     172 |  36.4 |       7 |       1 |  12.5
        D:8 |    1787 |      18 |   1.0 |      22 |       8 |  26.7
        D:9 |     965 |     577 |  37.4 |      18 |       5 |  21.7
       D:10 |    1892 |    1291 |  40.6 |      24 |       7 |  22.6
       D:11 |    1284 |       0 |   0.0 |      15 |       0 |   0.0
     Lair:1 |    2452 |       0 |   0.0 |      12 |       0 |   0.0
   Gauntlet |     472 |    3856 |  89.1 |       2 |      12 |  85.7
            +---------+---------+-------+---------+---------+-------
